 Dungeon Crawl Stone Soup version 0.27-a0-1202-ge72e49191c (webtiles) character file.

Game seed: 10619631031055817646

3353 Snicker the Unseen (level 9, 0/36 HPs)
             Began as a Spriggan Enchanter on June 4, 2021.
             Was a Believer of Hepliaklqana.
             Killed by divine providence
             ... invoked by an orc priest
              (14 damage)
             ... on level 9 of the Dungeon.
             The game lasted 00:27:38 (12493 turns).

Snicker the Unseen (Spriggan Enchanter)            Turns: 12493, Time: 00:27:38

Health: 0/36       AC:  4    Str:  5    XL:     9   Next: 73%
Magic:  1/14       EV: 20    Int: 18    God:    Hepliaklqana [**....]
Gold:   319        SH:  0    Dex: 22    Spells: 4/13 levels left

rFire    . . .     SeeInvis +   a - +4 dagger (protect)
rCold    . . .     Faith    .   (shield restricted)
rNeg     + . .     Spirit   .   k - +2 robe {rN+}
rPois    .         Reflect  .   (helmet restricted)
rElec    .         Harm     .   (no cloak)
rCorr    .         Rampage  .   (gloves unavailable)
Will     +....                  (boots unavailable)
Stlth    ++++++....             (no amulet)
HPRegen  0.12/turn              v - ring of wizardry
MPRegen  0.14/turn              r - +6 ring of dexterity

@: very quick
A: reduced essence, very small, no large weapons, unfitting armour, see
invisible, speed 3
a: Renounce Religion, Ancestor Life: Knight, Ancestor Life: Battlemage, Ancestor
Life: Hexer, Recall Ancestor, Ancestor Identity


You were on level 9 of the Dungeon.
You worshipped Hepliaklqana.
Hepliaklqana was pleased with you.
You visited 1 branch of the dungeon, and saw 9 of its levels.

You collected 319 gold pieces.

Inventory:

Hand Weapons
 a - a +4 dagger of protection (weapon)
 l - a +2 dagger of speed
 s - a +1 dagger
Missiles
 q - 3 silver boomerangs
 u - a throwing net
Armour
 b - a +0 robe
 f - a scarf of harm
 k - a +2 robe of positive energy (worn)
Jewellery
 g - a ring of resist corrosion
 j - a ring of protection from cold
 r - a +6 ring of dexterity (right hand)
 v - a ring of wizardry (left hand)
Wands
 y - a wand of digging (4)
Scrolls
 c - 2 scrolls of enchant weapon
 d - 6 scrolls of identify
 e - 2 scrolls of fog
 n - a scroll of vulnerability
 o - 3 scrolls of fear
 C - a scroll of holy word {unknown}
Potions
 h - 2 potions of heal wounds {unknown}
 i - a potion of berserk rage {unknown}
 m - a potion of flight {unknown}
 p - 6 potions of curing
 t - a potion of might {unknown}
 w - a potion of resistance {unknown}
 x - 2 potions of haste {unknown}
 z - a potion of attraction {unknown}
 A - a potion of magic {unknown}
 B - a potion of ambrosia {unknown}


   Skills:
 + Level 1.0 Fighting
 + Level 6.6 Short Blades
 + Level 4.7 Dodging
 + Level 15.0 Stealth
 - Level 2.6 Spellcasting
 * Level 8.2 Hexes
 - Level 2.0 Ice Magic


You had 4 spell levels left.
You knew the following spells:

 Your Spells              Type           Power      Damage    Failure   Level
a - Corona                Hex            35%        N/A       1%          1
b - Ensorcelled Hibernat  Hex/Ice        40%        N/A       1%          2
c - Confusing Touch       Hex            32%        N/A       1%          3
d - Dazzling Flash        Conj/Hex       34%        N/A       4%          3

Your spell library contained the following spells:

 Spells                   Type           Power      Damage    Failure   Level
 Tukima's Dance           Hex            32%        N/A       1%          3
 Cause Fear               Hex            16%        N/A       2%          4
 Shock                    Conj/Air       8%         1d3       7%          1
 Static Discharge         Conj/Air       2%         N/A       11%         2
 Gell's Gravitas          Tloc           1%         N/A       21%         3
 Swiftness                Air            2%         N/A       21%         3
 Airstrike                Air            1%         N/A       52%         4
 Petrify                  Tmut/Erth      2%         N/A       52%         4
 Metabolic Englaciation   Hex/Ice        10%        N/A       22%         5
 Silence                  Hex/Air        8%         N/A       32%         5
 Yara's Violent Unravell  Hex/Tmut       8%         3d5       32%         5
 Lightning Bolt           Conj/Air       1%         1d12      86%         5
 Discord                  Hex            16%        N/A       100%        8


Dungeon Overview and Level Annotations

Branches:
Dungeon (9/15)             Temple (0/1) D:4
   Lair: D:8-11         Orc: D:9-12

Altars:
Ashenzari
Hepliaklqana
Kikubaaqudgha
Qazlal
Ru
Wu Jian

Shops:
D:6 (

Annotations:
D:5 2 transporters, Ekaitz's ghost, novice DsVM


Innate Abilities, Weirdness & Mutations

Your life essence is reduced to manifest your ancestor. (-10% HP)
You are very small and have problems with some larger weapons.
You are too small for most types of armour.
You have supernaturally acute eyesight. (SInv)
You cover ground extremely quickly. (Speed+++)


Message History

Aim: an orc wizard, wielding a +0 dagger and wearing a +0 robe (slightly transparent, chance to affect: 50%)
The orc wizard resists with some effort.
Casting: Ensorcelled Hibernation (safe; 1% risk of failure)
Confirm with . or Enter, or press ? or * to list all spells.
Aiming: Ensorcelled Hibernation (safe; 1% risk of failure)
Press: ? - help, Shift-Dir - straight line, f/p - orc wizard
Aim: an orc wizard, wielding a +0 dagger and wearing a +0 robe (slightly transparent, chance to affect: 50%)
The orc wizard looks drowsy...
The helpless orc wizard fails to defend itself.
You skewer the orc wizard like a kebab!!!!
Your weapon exudes an aura of protection.
You kill the orc wizard!
The orc priest barely misses you.
Your Stealth skill increases to level 15!
Casting: Ensorcelled Hibernation (safe; 1% risk of failure)
Confirm with . or Enter, or press ? or * to list all spells.
Aiming: Ensorcelled Hibernation (safe; 1% risk of failure)
Press: ? - help, Shift-Dir - straight line, f - orc priest
Aim: an orc priest, wielding a +0 club (chance to affect: 50%)
The orc priest resists with some effort.
The orc priest completely misses you.
Casting: Ensorcelled Hibernation (safe; 1% risk of failure)
Confirm with . or Enter, or press ? or * to list all spells.
Aiming: Ensorcelled Hibernation (safe; 1% risk of failure)
Press: ? - help, Shift-Dir - straight line, f/p - orc priest
Aim: an orc priest, wielding a +0 club (chance to affect: 50%)
The orc priest resists with some effort.
The orc priest barely misses you.
Casting: Ensorcelled Hibernation (safe; 1% risk of failure)
Confirm with . or Enter, or press ? or * to list all spells.
Aiming: Ensorcelled Hibernation (safe; 1% risk of failure)
Press: ? - help, Shift-Dir - straight line, f/p - orc priest
Aim: an orc priest, wielding a +0 club (chance to affect: 50%)
The orc priest resists with some effort.
The orc warrior shouts!
You hear a shout!
The orc priest mumbles some strange prayers to Beogh against you.
Beogh smites you!
The orc priest invokes the aid of Beogh against you.
Beogh smites you!
You die...

#....#....#
...D#.#'###
...#.#...#
..#.#.#.#
#.#.'.#.#
#.#.#o..#
#.'.#o..#
#....#.#...#
#..o.###@#......
#.....D.....#...
#.....#.....# ..
#.#.. #....... .
#.... ..........
################


You could see an orc warrior, an acid dragon (wandering) and an orc priest.

Vanquished Creatures
  A kobold demonologist (D:9)
  Sigmund (D:2)
  Menkaure (D:5)
  An orc warrior (D:8)
  2 sky beasts
  A hornet zombie (D:7)
  2 black bears
  A necrophage (D:7)
  2 ogres
  A centaur (D:6)
  A phantom (D:6)
  4 bullfrogs
  A wyvern zombie (D:7)
  2 killer bees (D:8)
  6 wights
  2 howler monkeys
  2 hounds
  3 centaur zombies
  A human zombie (D:7)
  2 bullfrog zombies
  2 orc priests (D:7)
  A centaur skeleton (D:6)
  3 gnoll shamans
  A jelly (D:7)
  Jessica (D:2)
  2 iguanas
  6 orc wizards
  2 killer bee zombies
  2 mummies (D:7)
  A howler monkey zombie (D:8)
  Robin (D:2)
  4 adders
  16 gnolls
  A howler monkey skeleton (D:7)
  2 shadow imps (D:6)
  A white imp (D:6)
  2 ufetubi
  An adder skeleton (D:4)
  2 worms
  A dart slug (D:3)
  23 orcs
  7 bats
  10 endoplasms
  4 giant cockroaches
  19 goblins
  12 hobgoblins
  4 jackals (D:2)
  3 quokkas
  6 ball pythons
  13 frilled lizards (D:1)
  5 kobolds
  6 rats
201 creatures vanquished.

Vanquished Creatures (others)
  2 ancestors (D:5)
  25 plants
27 creatures vanquished.

Grand Total: 228 creatures vanquished

Notes
Turn   | Place    | Note
-------+----------+-------------------------------------------
     0 | D:1      | Snicker the Spriggan Enchanter began the quest for the Orb.
     0 | D:1      | Reached XP level 1. HP: 9/9 MP: 5/5
   396 | D:1      | Found a faded altar of an unknown god.
   464 | D:1      | Reached skill level 5 in Stealth
   491 | D:1      | Reached XP level 2. HP: 13/13 MP: 6/6
   761 | D:1      | Learned a level 2 spell: Ensorcelled Hibernation
  1756 | D:2      | Reached XP level 3. HP: 5/16 MP: 2/8
  1780 | D:2      | Noticed Jessica
  2018 | D:2      | Reached skill level 6 in Stealth
  3169 | D:2      | Killed Jessica
  3170 | D:2      | Reached XP level 4. HP: 21/21 MP: 2/9
  3377 | D:2      | Noticed Sigmund
  3381 | D:2      | Killed Sigmund
  3382 | D:2      | Reached skill level 8 in Stealth
  3382 | D:2      | Reached skill level 1 in Ice Magic
  3382 | D:2      | Reached XP level 5. HP: 24/24 MP: 10/10
  3398 | D:2      | Learned a level 3 spell: Confusing Touch
  3402 | D:2      | Learned a level 3 spell: Dazzling Flash
  3471 | D:2      | Noticed Robin
  3576 | D:2      | Killed Robin
  3577 | D:2      | Reached XP level 6. HP: 15/28 MP: 6/11
  5056 | D:4      | Found a hazy altar of Hepliaklqana.
  5095 | D:4      | Reached skill level 9 in Stealth
  5120 | D:4      | Became a worshipper of Hepliaklqana the Forgotten
  5266 | D:4      | Found a sand-covered staircase.
  5420 | D:4      | Reached XP level 7. HP: 32/32 MP: 7/12
  5476 | D:4      | Found a staircase to the Ecumenical Temple.
  5496 | D:4      | Reached skill level 10 in Stealth
  6701 | D:5      | Entered Level 5 of the Dungeon
  6757 | D:5      | Noticed Menkaure
  6759 | D:5      | Reached * piety under Hepliaklqana
  6770 | D:5      | Killed Menkaure
  6771 | D:5      | Reached skill level 5 in Short Blades
  6771 | D:5      | Reached skill level 11 in Stealth
  6961 | D:5      | Found a broken altar of Ashenzari.
  7032 | D:5      | Found a transporter.
  7044 | D:5      | Noticed Ekaitz's ghost (novice DsVM)
  7045 | D:5      | Found a transporter.
  7045 | D:5      | Identified the +4 dire flail "Xuonka" {freeze, Fly rF+
                  | Int-4}
  7451 | D:5      | Reached XP level 8. HP: 32/32 MP: 13/13
  7615 | D:5      | Reached skill level 12 in Stealth
  7759 | D:6      | Found a stormy altar of Qazlal.
  8146 | D:6      | Found Qagedaiwk's Weapon Shoppe.
  8661 | D:6      | Reached skill level 5 in Hexes
  8953 | D:6      | Reached skill level 13 in Stealth
  9401 | D:7      | Reached ** piety under Hepliaklqana
  9975 | D:7      | Reached XP level 9. HP: 25/36 MP: 1/14
 10464 | D:7      | Found an ancient bone altar of Kikubaaqudgha.
 10755 | D:7      | Reached skill level 14 in Stealth
 11610 | D:7      | Found a sacrificial altar of Ru.
 12001 | D:8      | Found an ornate altar of the Wu Jian Council.
 12314 | D:9      | Noticed a kobold demonologist
 12323 | D:9      | Killed a kobold demonologist
 12324 | D:9      | Reached skill level 1 in Fighting
 12490 | D:9      | Reached skill level 15 in Stealth
 12493 | D:9      | Killed from afar by an orc priest

Illustrated notes

Levels and vault maps discovered:
D:1:      kilobyte_arrival_exit_the_forest, layout_rooms,
          hellmonk_ecumenical_altar_arch_garden, serial_park_tiny_2,
          minmay_lizard_king
D:2:      layout_loops_ring, wad_orctagon, uniq_sigmund, uniq_jessica,
          uniq_robin
D:3:      layout_loops_ring
D:4:      layout_loops_ring, nicolae_hepliaklqana_hazy_memory,
          minmay_temple_entry_arrows, nicolae_ossuary_entry_monument
D:5:      layout_loops_ring, ashenzari_conservatory_becter,
          gammafunk_ghost_smash, nrook_mini_vaults, palyth_stone_intersect,
          uniq_menkaure
D:6:      layout_gridville, old_standard_altar, serial_shops, shop
D:7:      layout_gridville, lemuel_mausoleum_altar_kikubaaqudgha,
          lemuel_doored_altar, chequers_garden, minmay_chambers_of_fives
D:8:      layout_basic, nicolae_wu_jian_immortal_techniques,
          amcnicky_altar_gilded, lair_entry_dummy,
          ebering_ghost_reflecting_pool, grunt_ministairs_5, uniq_maurice,
          uniq_maggie
D:9:      layout_stronghold, nicolae_overflow_hidden_temple,
          nicolae_dithmenos_the_darkroom,
          kennysheep_orc_monster_closet_entryway, serial_bayou,
          serial_bayou_pond_b, serial_bayou_pond_a, serial_bayou_shore_b,
          serial_bayou_pond_c, minmay_liquid_box, minmay_ruined_shrine

Skill      XL: |  1  2  3  4  5  6  7  8  9 |
---------------+----------------------------+-----
Stealth        | 5 6 8 9 11 13 15 | 15.0
Short Blades   | 2 3 4 5 6 |  6.6
Ice Magic      | 1 2 |  2.0
Hexes          | 6 8 |  8.2
Dodging        | 3 4 |  4.7
Fighting       | 1 |  1.0
Spellcasting   | |  2.6

Action                   |  1- 3 |  4- 6 |  7- 9 || total
-------------------------+-------+-------+-------++-------
Melee: Dagger            |   158 |   159 |   270 ||   587
 Cast: Ensorcelled Hiber |    17 |    47 |   105 ||   169
       Confusing Touch   |       |     1 |    15 ||    16
Invok: Ancestor Identity |       |       |     1 ||     1
  Use: Potion            |     2 |       |       ||     2
       Scroll            |     1 |       |     8 ||     9
 Stab: Sleeping          |    17 |    37 |    71 ||   125
       Distracted        |       |     1 |     1 ||     2
       Confused          |       |     1 |    10 ||    11
Armor: Robe              |    14 |    15 |    37 ||    66
Dodge: Dodged            |   115 |   106 |   190 ||   411

Table legend: (Time is in decaauts)
 A = Elapsed time spent in this place.
 B = Non-inter-level travel time spent in this place.
 C = Inter-level travel time spent in this place.
 D = Time resting spent in this place.
 E = Time spent auto-exploring this place.
 F = Levels seen in this place.
 G = Mean time per level.
                   A        B        C        D        E       F      G
               +--------+--------+--------+--------+--------+-----+--------+
         Total |  10161 |   9999 |    162 |   3682 |   4638 |   9 | 1129.0 |
       Dungeon |  10161 |   9999 |    162 |   3682 |   4638 |   9 | 1129.0 |
               +--------+--------+--------+--------+--------+-----+--------+

Top non-repeatable levels by time:
     D:1: 1944 daAuts
     D:6: 1877 daAuts
     D:7: 1659 daAuts
     D:2: 1533 daAuts
     D:4: 1106 daAuts
     D:3: 834 daAuts
     D:5: 724 daAuts
     D:9: 308 daAuts
     D:8: 172 daAuts
